 Dungeon Crawl Stone Soup version 0.17.0-26-gececa24 (webtiles) character file.

121 4thArraOfDagon the Scratcher (level 4, -1/21 HPs)
             Began as a Felid Fighter on Nov 20, 2015.
             Slain by a centaur (3 damage)
             ... on level 5 of the Dungeon.
             The game lasted 00:04:25 (645 turns).

4thArraOfDagon the Scratcher (Felid Fighter)         Turns: 645, Time: 00:04:25

Health: -1/21      AC:  1    Str: 12    XL:     4   Next: 77%
Magic:  5/5        EV: 20    Int:  9    God:
Gold:   59         SH:  0    Dex: 16    Spells: 0 memorised, 3 levels left
                                        Lives:  0   Deaths: 1

rFire  + . .     SeeInvis +       - Unarmed
rCold  . . .     Clarity  .     (armour unavailable)
rNeg   . . .     SustAt   .     (shield unavailable)
rPois  .         Gourm    .     (helmet unavailable)
rElec  .         Spirit   .     (cloak unavailable)
rCorr  .         Warding  .     (gloves unavailable)
rMut   .         Stasis   .     (boots unavailable)
MR     .....                    (no amulet)
Stlth  +++.......               (no ring)
                                e - ring of protection from fire

@: very slightly contaminated, quick, not resistant to hostile enchantments,
fairly stealthy
A: no armour, no weapons or thrown items, claws 1, fangs 3, see invisible,
carnivore 3, speed 1, shaggy fur 1, slow metabolism 1, sharp paws
a: no special abilities


You were on level 5 of the Dungeon.
You were not hungry.

You visited 1 branch of the dungeon, and saw 5 of its levels.

You collected 59 gold pieces.

Inventory:

Jewellery
 e - a ring of protection from fire (left paw)
Scrolls
 a - a scroll of identify
Comestibles
 b - 3 meat rations
 c - a beef jerky


   Skills:
 - Level 3.0 Fighting
 + Level 5.3 Dodging
 + Level 3.4 Stealth
 * Level 5.5 Unarmed Combat


You had 3 spell levels left.
You didn't know any spells.

Dungeon Overview and Level Annotations

Branches:
Dungeon (5/15)
 Temple: D:4-7

Altars:

Annotations:
D:3 Jessica, Terence


Innate Abilities, Weirdness & Mutations

You cannot wear armour.
You are incapable of wielding weapons or throwing items.
You have sharp claws.
You have razor-sharp teeth.
You have supernaturally acute eyesight.
You are carnivorous and can eat meat at any time.
You cover ground quickly.
You are covered in fur (AC +1).
You have a slow metabolism.
Your sharp claws are effective at attacking unaware monsters.


Message History

You claw the centaur!
The centaur is heavily wounded.
The orc wizard mumbles some strange words.
The orc wizard blinks!
The centaur misses you.
Unknown command.
You closely miss the centaur. Your bite misses the centaur.
The centaur is heavily wounded.
The centaur hits you!
* * * LOW HITPOINT WARNING * * *
Unknown command.
You scratch the centaur.
The centaur is heavily wounded.
The centaur completely misses you. The orc closely misses you.
The centaur misses you.
Unknown command.
Unknown command.
You scratch the centaur.
The centaur is almost dead.
The centaur hits you.
You die...

... .. ...###
.##..#..# ...#..
..)..#......###
#..#.
#.##..##c$.....
#...###.###.r.r...#
.........c..#####.#
..
##.##.(###.......
... #.r..##
########
....##oc###
#......@#
#......(##
.........#
.........#
.......[(#
.........#
.........#
#.......##
.........


You could see a centaur, an orc and a quokka.

Vanquished Creatures
  An orc priest (D:4)
  3 orc wizards (D:4)
  A worker ant (D:4)
  An adder (D:4)
  An adder skeleton (D:4)
  A giant gecko (D:1)
  7 orcs (D:4)
  2 hobgoblins
  3 jackals (D:1)
  2 quokkas
  3 bats
  A giant newt (D:1)
  4 goblins
  4 rats
34 creatures vanquished.

Notes
Turn   | Place    | Note
--------------------------------------------------------------
     0 | D:1      | 4thArraOfDagon the Felid Fighter began the quest for the Orb.
     0 | D:1      | Reached XP level 1. HP: 10/10 MP: 2/2
    96 | D:1      | fuck pilar dancing
   192 | D:1      | Reached XP level 2. HP: 5/14 MP: 3/3
   221 | D:1      | Reached skill level 1 in Stealth
   287 | D:3      | Noticed Terence
   362 | D:4      | Reached XP level 3. HP: 9/17 MP: 4/4
   391 | D:4      | Reached skill level 5 in Unarmed Combat
   391 | D:4      | Reached XP level 4. HP: 12/21 MP: 5/5
   397 | D:4      | Reached skill level 5 in Dodging
   518 | D:3      | Noticed Jessica
   535 | D:3      | Slain by Jessica
   536 | D:3      | Reached XP level 3. HP: 0/17 MP: 4/4
   572 | D:4      | Reached XP level 4. HP: 21/21 MP: 5/5
   616 | D:5      | Entered Level 5 of the Dungeon
   616 | D:5      | Noticed a troll
   616 | D:5      | Noticed a centaur
   645 | D:5      | Slain by a centaur

Action                   |  1- 3 |  4- 6 || total
-------------------------+-------+-------++-------
Melee: Unarmed           |    49 |    31 ||    80
  Use: Scroll            |     1 |     4 ||     5
       Potion            |     1 |     3 ||     4
 Stab: Sleeping          |     3 |     1 ||     4
  Eat: Chunk             |     6 |       ||     6
